AoeStats
← ForestGump29113

Arena

507794949Analyzed
3v3 RM · 13d ago on Sep 19, 2026· 64m 59s· 6 players
Game mode
Random Map
Map size
Normal (6 player)
Population
200
Speed
Normal
Resources
Standard
Victory
Conquest
Starting age
Dark Age
Ending age
Imperial Age
RankedLock teamsTeams togetherTeam positionsShared explorationLock speedFull tech treeHidden civsTurbo modeCheats
Victory
Defeat
🇳🇴 Teutons · Norway
661
+15
🇫🇷 Koreans · France
646
+15
🇫🇷 Teutons · France
624
+16
🇨🇿 Mongols · Czechia
677
-16
657
-17
🇺🇸 Vikings · United States
560
-13
kingdalillian
12:04 Feudal Age
19:30 Castle Age
17:51 Gold Mining
18:42 Stone Mining
19:17 Double-Bit Axe
25:09 Crossbowman
25:59 Fletching
29:04 Wheelbarrow
28:16 Loom
28:42 Scale Mail Armor
32:18 Caravan
35:52 Imperial Age
34:07 Bow Saw
33:45 Horse Collar
35:52 Fortified Wall
37:40 Chemistry
37:02 Ballistics
38:54 Heavy Plow
39:47 Arbalester
40:33 Thumb Ring
41:09 Elite Fire Lancer
43:09 Chain Mail Armor
42:50 Bodkin Arrow
43:13 Gambesons
43:29 Squires
47:29 Plate Mail Armor
46:59 Bracer
49:20 Hand Cart
50:14 Gold Shaft Mining
50:15 Stone Shaft Mining
50:18 Elite War Wagon
51:22 Shinkichon
51:25 Conscription
51:09 Eupseong
52:40 Elite Skirmisher
61:17 Spies/Treason
65:27 Masonry
64:58 Treadmill Crane
65:08 Heated Shot
65:04 Arrowslits
65:15 Murder Holes
65:25 Siege Engineers
ren68210
12:52 Feudal Age
18:19 Castle Age
19:44 Double-Bit Axe
19:43 Horse Collar
19:59 Stone Mining
20:16 Gold Mining
23:44 Wheelbarrow
23:59 Heavy Plow
26:07 Hand Cart
28:40 Forging
28:36 Scale Barding Armor
31:55 Iron Casting
31:41 Chain Barding Armor
34:24 Imperial Age
32:20 Scale Mail Armor
34:06 Ironclad
34:44 Bow Saw
35:21 Stone Shaft Mining
35:10 Elite Teutonic Knight
36:40 Cavalier
38:31 Blast Furnace
37:43 Caravan
40:11 Two-Man Saw
40:17 Conscription
40:19 Crenellations
41:18 Chain Mail Armor
40:55 Loom
40:57 Town Watch
42:45 Crop Rotation
45:19 Paladin
46:57 Plate Barding Armor
47:00 Plate Mail Armor
48:18 Ballistics
49:00 Chemistry
61:17 Spies/Treason
KoN_Air
12:31 Feudal Age
17:04 Castle Age
18:49 Loom
19:41 Horse Collar
19:49 Double-Bit Axe
20:46 Wheelbarrow
21:40 Bow Saw
21:23 Stone Mining
23:57 Gold Mining
25:25 Hand Cart
25:38 Heavy Plow
27:15 Stone Shaft Mining
27:52 Town Watch
29:48 Town Patrol
33:35 Imperial Age
32:03 Caravan
32:59 Scale Mail Armor
33:10 Forging
33:56 Chain Mail Armor
34:14 Capped Ram
34:59 Pikeman
35:50 Squires
36:03 Arson
37:23 Onager
39:35 Iron Casting
39:31 Plate Mail Armor
39:18 Halberdier
40:37 Crop Rotation
39:32 Elite Skirmisher
41:24 Blast Furnace
41:50 Two-Man Saw
42:00 Chemistry
41:20 Ballistics
42:16 Padded Archer Armor
42:06 Fletching
49:08 Leather Archer Armor
48:48 Bodkin Arrow
ForestGump29113
0:28 Loom
14:36 Feudal Age
15:37 Horse Collar
15:50 Double-Bit Axe
16:03 Gold Mining
19:11 Arson
19:42 Fletching
22:01 Man-at-Arms
22:54 Forging
23:30 Scale Mail Armor
29:37 Scale Barding Armor
29:34 Padded Archer Armor
33:38 Castle Age
35:22 Bow Saw
36:18 Gold Shaft Mining
35:43 Bodkin Arrow
35:52 Squires
35:38 Gambesons
36:39 Iron Casting
36:21 Chain Mail Armor
36:23 Leather Archer Armor
35:33 Crossbowman
35:58 Long Swordsman
36:00 Pikeman
36:36 Stone Mining
38:30 Heavy Plow
43:19 Imperial Age
45:00 Bogsveigar
Blitzo
1:54 Loom
10:42 Feudal Age
11:05 Horse Collar
11:12 Double-Bit Axe
17:30 Gold Mining
17:45 Stone Mining
18:40 Wheelbarrow
21:01 Castle Age
19:14 Town Watch
22:44 Heavy Plow
23:25 Stone Shaft Mining
23:24 Bow Saw
27:06 Fletching
27:17 Padded Archer Armor
28:16 Husbandry
28:27 Bloodlines
28:51 Fortified Wall
29:01 Ballistics
29:18 Caravan
31:52 Bodkin Arrow
32:12 Leather Archer Armor
32:39 Hand Cart
33:52 Gold Shaft Mining
36:07 Imperial Age
35:09 Town Patrol
35:59 Thumb Ring
38:03 Chemistry
37:06 Bracer
37:32 Conscription
38:31 Elite Mangudai
39:12 Nomads
43:45 Elite Steppe Lancer
45:48 Forging
45:39 Scale Mail Armor
45:47 Scale Barding Armor
48:06 Iron Casting
47:52 Chain Barding Armor
49:55 Blast Furnace
Man_at_arms_rush_FC
12:41 Feudal Age
12:00 Loom
16:07 Wheelbarrow
17:14 Hand Cart
18:53 Horse Collar
19:04 Double-Bit Axe
19:50 Heavy Plow
20:06 Bow Saw
25:42 Castle Age
23:39 Gold Mining
25:05 Gold Shaft Mining
25:24 Stone Mining
27:03 Stone Shaft Mining
28:43 Two-Man Saw
28:16 Crop Rotation
29:47 Fortified Wall
30:02 Ballistics
29:39 Murder Holes
32:37 Fletching
33:03 Husbandry
34:52 Bodkin Arrow
35:16 Forging
35:12 Scale Barding Armor
34:33 Cavalier
37:40 Iron Casting
37:28 Chain Barding Armor
41:24 Imperial Age
40:16 Burgundian Vineyards
42:44 Bracer
43:45 Blast Furnace
43:21 Plate Barding Armor
55:08 Paladin
57:09 Chemistry
Connection lost

Rejoining the realm…

Still unreachable

The connection could not be restored.

Session expired

The server has moved on; the page needs a fresh start.